Map: Dusk Towers

Players

Miszu

  • Race: Terran Terran
  • League: Master

Chabby - Winner!

  • Race: Protoss Protoss
  • League: Grandmaster

VOD

Have the link to the VOD?

Description

Time

  • Played on: April 4, 2016, 1:23 p.m.
  • Length: 17:41
Show
View Real Time Build Order
Export as new Build Order

Miszu Terran 

Build Orders: Command Center First (CC) 

Get SALT Encoding   

  12  0:00  SCV  
  13  0:12  SCV  
  14  0:18  Supply Depot  
  14  0:25  SCV  
  15  0:39  SCV  
  16  0:51  SCV  
  17  1:00  Command Center  
  17  1:03  SCV  
  18  1:14  Barracks  
  18  1:15  SCV  
  19  1:28  SCV  
  19  1:30  Barracks  
  20  1:40  SCV  
  20  1:43  Barracks  
  21  1:52  SCV  
  22  2:02  Marine  
  22  2:04  Orbital Command  
  23  2:12  Orbital Command  
  23  2:16  Marine  
  23  2:20  Marine  
  25  2:30  Marine  
  25  2:34  Marine  
  27  2:38  Marine  
  27  2:47  Marine  
  27  2:48  SCV  
  27  2:49  SCV  
  27  2:50  Refinery x2  
  29  2:52  Marine  
  29  2:55  Marine  
  31  3:00  SCV  
  31  3:01  SCV  
  31  3:05  Marine  
  33  3:10  Marine  
  34  3:13  Marine  
  34  3:17  Supply Depot  
  34  3:18  Supply Depot, SCV  
  36  3:39  Marine, SCV x2  
  36  3:42  Marine x2  
  37  3:51  SCV x2  
  37  3:52  Factory  
  38  3:56  Marine  
  38  3:59  Marine  
  41  4:03  SCV x2  
  41  4:09  Barracks Tech Lab  
  42  4:14  Supply Depot, Marine  
  42  4:15  SCV x2  
  45  4:17  Marine  
  44  4:27  SCV x2  
  46  4:35  Marine x3  
  49  4:39  Bunker, SCV x2  
  49  4:41  Supply Depot  
  49  4:45  Starport  
  50  4:51  SCV  
  50  4:52  SCV  
  51  4:53  Marine x3  
  51  4:58  Factory Reactor  
  54  5:04  SCV x2  
  56  5:11  Marine x2  
  59  5:15  Barracks  
  59  5:16  SCV x2  
  59  5:17  Barracks  
  59  5:18  Refinery  
  59  5:21  Marine  
  61  5:28  Supply Depot, SCV  
  62  5:30  Engineering Bay  
  47  5:46  SCV x2  
  47  5:47  Medivac x2  
  51  5:57  Missile Turret  
  51  5:58  SCV  
  51  6:00  Missile Turret  
  51  6:03  Marine  
  51  6:06  Missile Turret  
  51  6:09  SCV  
  51  6:10  Marine x2  
  53  6:16  SCV  
  52  6:21  Marine, SCV  
  53  6:28  Marine x2, SCV  
  53  6:40  SCV  
  54  6:47  Marine  
  54  6:48  Barracks Tech Lab, SCV  
  54  6:50  Marine  
  52  7:05  Missile Turret  
  50  7:11  Marine x3  
  50  7:12  SCV  
  51  7:17  SCV  
  50  7:24  SCV  
  50  7:29  Marine x2, SCV, Missile Turret  
  54  7:32  Supply Depot  
  54  7:42  Marine  
  54  7:43  Stimpack  
  54  7:56  Refinery  
  54  7:57  Supply Depot  
  54  7:58  Supply Depot  
  54  8:01  Marine x3  
  54  8:02  SCV x2  
  59  8:14  SCV x2  
  59  8:19  Marine  
  62  8:26  SCV x2  
  62  8:27  Liberator x2  
  63  8:29  Command Center  
  62  8:38  SCV  
  62  8:40  SCV  
  66  8:48  Refinery  
  66  8:50  SCV  
  66  9:04  Barracks Reactor, SCV  
  66  9:05  Barracks Reactor, Barracks Tech Lab  
  66  9:06  Barracks Reactor  
  67  9:10  SCV  
  67  9:15  Supply Depot  
  67  9:16  SCV  
  69  9:22  SCV  
  70  9:25  Terran Infantry Weapons Level 1  
  70  9:27  Medivac  
  70  9:29  SCV  
  72  9:34  SCV  
  73  9:41  Marauder x2, SCV  
  73  9:45  Orbital Command  
  78  9:46  SCV  
  78  9:53  SCV  
  78  9:57  Liberator x2  
  77  10:00  Barracks  
  77  10:02  SCV  
  77  10:05  Marauder x2, SCV  
  83  10:11  Orbital Command  
  83  10:14  Supply Depot  
  85  10:19  Fusion Core, SCV  
  85  10:20  SCV  
  91  10:26  Marauder  
  93  10:31  SCV  
  93  10:32  Marauder  
  93  10:35  Starport, SCV  
  97  10:38  SCV  
  97  10:41  Missile Turret  
  98  10:43  SCV  
  98  10:47  Supply Depot, SCV  
  98  10:48  Barracks Tech Lab  
  100  10:50  SCV  
  100  10:55  SCV, Combat Shields  
  100  10:56  Concussive Shells  
  102  11:00  SCV  
  102  11:03  Refinery, SCV  
  104  11:07  Refinery  
  104  11:08  SCV  
  104  11:09  Marauder  
  104  11:10  Starport Tech Lab  
  106  11:12  SCV  
  106  11:15  SCV  
  108  11:19  Terran Infantry Armor Level 1  
  108  11:20  Supply Depot x2, SCV  
  108  11:24  SCV  
  113  11:26  Marauder x2  
  113  11:29  Marine  
  113  11:30  Marine  
  117  11:41  SCV x3  
  117  11:45  Supply Depot  
  117  11:46  Supply Depot  
  125  11:47  Marine x3, Marauder  
  125  11:48  Marauder  
  125  11:51  Engineering Bay  
  125  11:52  Armory  
  125  11:53  SCV x2  
  132  11:54  Marine  
  132  11:59  Marine, Medivac  
  133  12:01  Marine, Medivac  
  133  12:06  Medivac, SCV  
  133  12:07  Marauder, SCV  
  139  12:08  Supply Depot  
  139  12:09  Supply Depot  
  139  12:14  Marine x5, Marauder  
  146  12:17  Marine  
  146  12:19  Marine  
  148  12:27  Marine, Barracks x2  
  149  12:30  Medivac  
  149  12:31  Supply Depot x2  
  149  12:32  Marine x4  
  149  12:33  Marauder  
  149  12:35  Marine  
  149  12:36  Marauder  
  159  12:44  Medivac  
  159  12:45  Medivac  
  159  12:46  Marauder  
  159  12:47  Ghost Academy  
  165  12:52  Marine x3  
  165  12:54  Marauder  
  170  12:59  Marauder  
  175  13:07  Marauder  
  177  13:14  Marine  
  177  13:17  Viking x2  
  181  13:22  Marine  
  181  13:25  Marine  
  181  13:26  Viking, Marine x5  
  189  13:32  Marine  
  189  13:33  Ghost  
  192  13:34  Ghost  
  192  13:35  Ghost  
  191  13:45  Marine x2  
  191  13:47  Viking x2  
  190  13:57  Viking  
  190  14:02  Ghost  
  192  14:03  Supply Depot, Terran Infantry Weapons Level 2  
  192  14:14  Ghost x2  
  194  14:17  Viking  
  190  14:25  Viking  
  190  14:27  Marine x3  
  195  14:38  Ghost  
  195  14:42  Viking  
  196  14:58  Ghost x2  
  191  15:30  Ghost x2  
  195  15:38  Ghost  
  197  15:44  Marine  
  198  15:52  Medivac  
  198  15:54  Barracks Tech Lab x2  
  200  15:58  Ghost  
  199  16:06  Ghost  
  171  16:20  Marine  
  171  16:21  Marine x8  
  171  16:23  Viking x2  
  178  16:27  Marine  
  150  16:35  Marine  
  150  16:38  Viking, Marine  
  150  16:39  Marine x3  
  155  16:41  Marine  
  155  16:43  Marine  
  155  16:46  Marine  
  158  16:50  Marine  
  159  16:59  Marine x4  
  159  17:13  Marine  
  147  17:16  Marine x6  
  147  17:19  Marine  
Show
View Real Time Build Order
Export as new Build Order

Chabby Protoss - Winner!

Build Orders: Mass Adepts, Dark Templar Rush 

Get SALT Encoding   

  12  0:02  Probe (Chrono Boost)  
  13  0:12  Probe (Chrono Boost)  
  14  0:18  Pylon  
  14  0:23  Probe (Chrono Boost)  
  15  0:36  Probe (Chrono Boost)  
  15  0:38  Gateway  
  16  0:47  Probe (Chrono Boost), Assimilator  
  17  0:55  Pylon  
  17  0:58  Probe (Chrono Boost)  
  18  1:09  Probe (Chrono Boost)  
  19  1:14  Gateway  
  19  1:26  Cybernetics Core  
  19  1:27  Probe (Chrono Boost)  
  20  1:33  Assimilator  
  20  1:37  Probe (Chrono Boost)  
  21  1:48  Probe (Chrono Boost)  
  22  2:02  Mothership Core (Chrono Boost)  
  22  2:04  Adept (Chrono Boost)  
  22  2:06  Adept (Chrono Boost)  
  28  2:13  Warp Gate  
  28  2:20  Pylon  
  28  2:25  Pylon  
  28  2:28  Adept (Chrono Boost)  
  29  2:35  Adept (Chrono Boost)  
  31  2:52  Adept (Chrono Boost)  
  31  2:57  Probe  
  36  2:59  Pylon  
  36  3:02  Adept (Chrono Boost)  
  32  3:15  Adept (Chrono Boost)  
  32  3:18  Probe  
  32  3:19  Twilight Council  
  37  3:30  Adept (Chrono Boost)  
  37  3:39  Adept (Chrono Boost)  
  33  3:53  Probe  
  36  3:57  Adept (Chrono Boost), Dark Shrine  
  34  4:12  Gateway  
  30  4:24  Probe  
  31  4:37  Nexus  
  31  4:45  Robotics Facility  
  29  5:00  Probe  
  30  5:09  Dark Templar x2  
  30  5:12  Dark Templar  
  34  5:20  Pylon, Probe  
  35  5:22  Assimilator  
  35  5:32  Probe  
  36  5:44  Probe  
  36  5:48  Dark Templar  
  37  5:56  Dark Templar, Probe  
  38  5:59  Probe  
  39  6:09  Probe  
  39  6:10  Probe  
  41  6:20  Probe  
  41  6:21  Probe  
  41  6:22  Assimilator  
  43  6:26  Gateway  
  43  6:31  Probe  
  43  6:33  Probe  
  43  6:41  Probe  
  43  6:45  Probe  
  43  6:48  Dark Templar x2  
  43  6:52  Probe  
  48  6:57  Nexus, Probe  
  48  7:01  Pylon  
  47  7:12  Immortal (Chrono Boost)  
  51  7:17  Resonating Glaives  
  51  7:19  Gateway, Probe  
  50  7:23  Dark Templar  
  52  7:33  Gateway  
  52  7:34  Dark Templar  
  52  7:36  Probe  
  53  7:47  Immortal (Chrono Boost)  
  53  7:50  Adept  
  59  7:53  Pylon  
  59  7:55  Probe  
  60  8:03  Adept  
  62  8:07  Adept x2  
  66  8:13  Probe  
  66  8:18  Pylon  
  67  8:23  Dark Templar  
  67  8:24  Pylon  
  69  8:29  Adept x2  
  71  8:39  Probe  
  71  8:40  Probe  
  72  8:41  Immortal (Chrono Boost)  
  72  8:47  Assimilator  
  73  8:52  Templar Archives  
  73  8:54  Probe  
  74  9:02  Probe  
  74  9:03  Probe  
  74  9:09  Probe  
  77  9:11  Adept x3  
  77  9:15  Probe  
  77  9:16  Observer (Chrono Boost), Pylon  
  85  9:23  Gateway  
  85  9:24  Psionic Storm  
  85  9:25  Archon  
  85  9:27  Dark Templar  
  85  9:28  Probe  
  88  9:41  High Templar  
  88  9:42  High Templar  
  88  9:43  Probe  
  88  9:44  Probe  
  94  9:45  Assimilator  
  94  9:46  Probe  
  95  9:54  Probe  
  95  9:57  Probe  
  95  10:00  Immortal  
  95  10:03  Stargate  
  99  10:09  Probe  
  99  10:12  High Templar  
  102  10:15  Adept x2  
  106  10:22  Gateway  
  106  10:25  Gateway  
  106  10:27  High Templar, Pylon  
  108  10:35  Archon  
  108  10:36  Probe  
  108  10:40  Immortal  
  109  10:44  Pylon  
  109  10:48  Fleet Beacon  
  113  10:52  Adept  
  115  11:03  Adept x2  
  119  11:06  Forge  
  119  11:12  Stargate  
  119  11:14  High Templar  
  119  11:15  High Templar  
  119  11:17  Adept  
  125  11:20  Pylon  
  125  11:22  Pylon  
  125  11:24  Pylon  
  123  11:30  Adept, Dark Templar  
  120  11:34  Adept  
  122  11:40  Immortal  
  122  11:42  Protoss Ground Weapons Level 1 (Chrono Boost)  
  126  11:47  Probe  
  126  11:48  Probe  
  126  11:52  Probe  
  129  11:58  Probe  
  134  12:02  Tempest (Chrono Boost)  
  134  12:08  High Templar  
  134  12:11  Tempest (Chrono Boost)  
  140  12:16  Archon  
  140  12:19  Warp Prism  
  140  12:20  Probe  
  143  12:26  Photon Cannon  
  143  12:35  Tempest (Chrono Boost), Probe x2  
  149  12:44  Pylon  
  149  12:46  Pylon  
  149  12:48  Pylon  
  149  13:03  Dark Templar x2  
  149  13:04  Dark Templar  
  147  13:06  Dark Templar  
  147  13:12  Dark Templar  
  146  13:14  Probe  
  147  13:21  Adept  
  142  13:29  Probe  
  143  13:41  Dark Templar x2  
  145  13:44  High Templar  
  145  13:50  Stalker  
  143  13:59  Probe x2  
  145  14:09  Archon  
  145  14:14  Archon  
  141  14:25  High Templar x2, Adept x2  
  149  14:35  Tempest  
  147  14:40  Archon  
  147  14:42  High Templar  
  153  14:58  High Templar, Adept x2  
  159  15:06  Tempest  
  159  15:33  Archon  
  159  15:36  Adept x3  
  159  15:41  Tempest  
  159  15:49  High Templar  
  165  15:57  Probe  
  165  15:58  Probe  
  153  16:16  Adept  
  153  16:17  Adept, High Templar x2  
  110  16:40  Archon x2  
  110  16:41  High Templar  
  110  16:43  High Templar  
  114  16:47  Nexus  
  114  16:49  Pylon  
  114  16:51  Pylon  
  114  16:57  Adept x4  
  106  17:24  Adept x3  
  80  17:38  Archon  
  80  17:40  Adept  
  80  17:41  Adept x3  
Tags
 
Add a new tag
Caveats
  • Supply blocks, unpowered buildings, or Contaminate may cause inaccurate times.
  • Supply counts are checked every 10 seconds.